 Dungeon Crawl Stone Soup version 0.29-a0-878-g7b45a56547 (webtiles) character file.

Game seed: 11931802908584549940

126 kevlar127 the Ruffian (level 4, -1/58 (67) HPs)
             Began as a Troll Berserker on July 19, 2022.
             Was a Believer of Trog.
             Slain by a quokka (4 damage)
             ... on level 3 of the Dungeon.
             The game lasted 00:04:06 (1936 turns).

kevlar127 the Ruffian (Troll Berserker)             Turns: 1936, Time: 00:04:07

HP:   -1/58 (67)    AC:  4    Str: 27    XL:     4   Next: 83%
MP:   3/3           EV: 10    Int:  3    God:    Trog [**....]
Gold: 104           SH:  0    Dex:  9    Spells: 3/3 levels left

rFire   . . .      SeeInvis .     - Unarmed
rCold   . . .      Faith    +   (no shield)
rNeg    . . .      Spirit   .   a - +0 animal skin
rPois   .          Reflect  .   (helmet restricted)
rElec   .          Harm     .   (no cloak)
rCorr   .          Rampage  .   (gloves unavailable)
Will    ++...                   (boots unavailable)
Stlth   ..........              h - amulet of faith
HPRegen 1.99/turn               (no ring)
MPRegen 0.08/turn               (no ring)

@: berserking, strong-willed, regenerating, heavily drained, very quick
A: large, unfitting armour, claws 3, regeneration 1, shaggy fur 1, tough skin 1
a: Renounce Religion, Berserk, Trog's Hand


You were on level 3 of the Dungeon.
You worshipped Trog.
Trog was pleased with you.
You visited 1 branch of the dungeon, and saw 3 of its levels.

You collected 104 gold pieces.

Inventory:

Missiles
 f - 38 stones (quivered)
 n - 4 poisoned darts
Armour
 a - a +0 animal skin (worn)
Jewellery
 h - an amulet of faith (around neck)
 p - a +4 ring of protection
Scrolls
 b - a scroll of amnesia {unknown}
 c - a scroll of summoning {unknown}
 e - 3 scrolls of immolation {unknown}
 g - 2 scrolls of identify {unknown}
 j - a scroll of teleportation {unknown}
 k - a scroll of enchant armour {unknown}
 m - a scroll of magic mapping {unknown}
Potions
 d - a potion of berserk rage {unknown}
 i - a potion of degeneration {unknown}
 l - a potion of might {unknown}
 o - a potion of heal wounds {unknown}


   Skills:
 + Level 3.4 Fighting
 - Level 3.0 Dodging
 + Level 4.2 Unarmed Combat


You had 3 spell levels left.
You didn't know any spells.
Your spell library was empty.

Dungeon Overview and Level Annotations

Branches:
Dungeon (3/15)

Altars:
Elyvilon


Innate Abilities, Weirdness & Mutations

You are too large for most types of armour.
You have claws for hands.
Your natural rate of healing is unusually fast.
You are covered in fur. (AC +1)
You have tough skin. (AC +1)


Message History

The quokka attacks as you move away!
The quokka bites you but does no damage.
The quokka twitches its whiskers.
The giant cockroach barely misses you. The quokka barely misses you.
Your skin crawls.
You feel strong-willed. The quokka closely misses you.
The giant cockroach barely misses you.
The quokka bites you but does no damage.
The quokka bites you.
* * * LOW HITPOINT WARNING * * *
The giant cockroach attacks as you move away!
The giant cockroach bites you but does no damage.
The quokka attacks as you move away! The quokka closely misses you.
The quokka barely misses you. Something hits you.
* * * LOW HITPOINT WARNING * * *
The giant cockroach bites you but does no damage.
Something hits you.
* * * LOW HITPOINT WARNING * * *
The quokka bites you but does no damage.
The giant cockroach barely misses you. The quokka bites you.
* * * LOW HITPOINT WARNING * * *
Something hits you but does no damage.
You miss something. The quokka bites you.
* * * LOW HITPOINT WARNING * * *
The giant cockroach closely misses you. The quokka bites you.
* * * LOW HITPOINT WARNING * * *
You scratch something. You claw something. The quokka closely misses you.
Something hits you.
* * * LOW HITPOINT WARNING * * *
The giant cockroach barely misses you. The quokka bites you.
* * * LOW HITPOINT WARNING * * *
Unknown command.
A red film seems to cover your vision as you go berserk!
You feel yourself moving faster!
You feel mighty!
The quokka bites you but does no damage.
Something hits you but does no damage. The giant cockroach closely misses you.
The quokka bites you.
* * * LOW HITPOINT WARNING * * *
The quokka bites you.
You die...

..
......#..†......#
#.......
..##....#.........#
#....... ..
##.#.#####.....#
#....... # #.#.#
#.....# #.......
....# #.....#
#....... . .#
#)....# ≈ ......
#{....#.. .....
#Bro...... ....
#@{g...... ...
#.r....... ..
#......... .
#.........
#)........
#........ #........
#........ #........


You could see an orc, 2 quokkas, a giant cockroach and a hobgoblin.

Vanquished Creatures
  An orc wizard (D:2)
  Robin (D:3)
  2 adders
  A worm (D:2)
  A dart slug (D:1)
  3 orcs
  5 bats
  4 endoplasms
  5 giant cockroaches
  13 goblins
  3 hobgoblins
  5 jackals
  5 kobolds
  A quokka (D:1)
  4 ball pythons
  A frilled lizard (D:1)
  3 rats
58 creatures vanquished.

Vanquished Creatures (others)
  A bat (D:1)
1 creature vanquished.

Grand Total: 59 creatures vanquished

Notes
Turn   | Place    | Note
-------+----------+-------------------------------------------
     0 | D:1      | kevlar127 the Troll Berserker began the quest for the Orb.
     0 | D:1      | Reached XP level 1. HP: 22/22 MP: 0/0
   240 | D:1      | Reached XP level 2. HP: 29/29 MP: 1/1
   888 | D:2      | Found a faded altar of an unknown god.
   892 | D:2      | Reached XP level 3. HP: 36/36 MP: 2/2
   906 | D:2      | Reached ** piety under Trog
   997 | D:2      | Found a white marble altar of Elyvilon.
  1470 | D:2      | Reached XP level 4. HP: 45/45 MP: 3/3
  1716 | D:3      | Noticed Robin
  1737 | D:3      | Reached skill level 4 in Unarmed Combat
  1745 | D:3      | Killed Robin
  1936 | D:3      | Slain by a quokka

Illustrated notes

Levels and vault maps discovered:
D:1:      lemuel_arrival_lava_pool, layout_loops_ring, serial_bayou_pond_d,
          lemuel_flame_loot_1
D:2:      layout_basic, nicolae_ecumenical_pavilion, basic_altar
D:3:      layout_basic, nzn_hepliaklqana_mist_gate, portal_sewer_entry_f,
          dk_noncrumbling_3, uniq_crazy_yiuf_cottage, uniq_ijyb, uniq_sigmund,
          uniq_robin

Skill      XL: |  1  2  3  4 |
---------------+-------------+-----
Fighting       | 3 |  3.4
Dodging        | 3 |  3.0
Unarmed Combat | 4 |  4.2

Action                   |  1- 3 |  4- 6 || total
-------------------------+-------+-------++-------
Melee: Unarmed           |    76 |    71 ||   147
       Punch             |       |     3 ||     3
Invok: Berserk           |       |     2 ||     2
       Trog's Hand       |       |     1 ||     1
 Stab: Sleeping          |     2 |       ||     2
Armor: Animal skin       |    21 |    40 ||    61
Dodge: Dodged            |    44 |    78 ||   122

Table legend: (Time is in decaauts)
 A = Elapsed time spent in this place.
 B = Non-inter-level travel time spent in this place.
 C = Inter-level travel time spent in this place.
 D = Time resting spent in this place.
 E = Time spent auto-exploring this place.
 F = Levels seen in this place.
 G = Mean time per level.
                   A        B        C        D        E       F      G
               +--------+--------+--------+--------+--------+-----+--------+
         Total |   1939 |   1801 |    138 |     48 |   1438 |   3 |  646.3 |
       Dungeon |   1939 |   1801 |    138 |     48 |   1438 |   3 |  646.3 |
               +--------+--------+--------+--------+--------+-----+--------+

Top non-repeatable levels by time:
     D:1: 885 daAuts
     D:2: 758 daAuts
     D:3: 295 daAuts
